 Seeded DCSS version 0.31-a0-496-g6f97920a28 (webtiles) character file.

Game seed: 7415222406553760909 (custom seed)

237 innerfire43 the Trooper (level 5, -6/41 HPs)
             Began as a Demonspawn Monk on Aug 8, 2023.
             Mangled by an ice beast (14 damage)
             ... on level 3 of the Dungeon.
             The game lasted 00:04:33 (2441 turns).

innerfire43 the Trooper (Demonspawn Monk)           Turns: 2441, Time: 00:04:34

Health: -6/41      AC:  7    Str: 14    XL:     5   Next: 77%
Magic:  6/6        EV: 13    Int: 11    God:
Gold:   175        SH:  0    Dex: 15    Spells: 6/6 levels left

rFire   . .          .
                       - Unarmed
rCold   . . .        (no shield)
rNeg    . . .        a - +0 robe
rPois   .            (helmet restricted)
rElec   .            l - +2 cloak
rCorr   .            n - +1 pair of gloves
SInv    +            (no boots)
Will    .....        (no amulet)
Stlth   +            d - ring of wizardry
HPRegen 0.26/turn    k - ring of wizardry
MPRegen 0.10/turn

%: wizardry (x2)
@: no status effects
A: spiny 1, horns 1, see invisible
a: no special abilities


You were on level 3 of the Dungeon.
You visited 1 branch of the dungeon, and saw 3 of its levels.

You collected 175 gold pieces.

Inventory:

Armour
 a - a +0 robe (worn)
 c - an orb of light
 l - a +2 cloak (worn)
 n - a +1 pair of gloves (worn)
 o - a +0 helmet
Jewellery
 b - a ring of poison resistance
 d - a ring of wizardry (left hand)
 f - a ring of positive energy
 k - a ring of wizardry (right hand)
Talismans
 h - a flux talisman
Scrolls
 g - 2 scrolls of teleportation {unknown}
 i - 4 scrolls of identify {unknown}
 m - 2 scrolls of fog {unknown}
 p - a scroll of noise {unknown}
 s - 2 scrolls of fear {unknown}
Potions
 e - a potion of curing
 j - a potion of lignification {unknown}
 q - a potion of enlightenment {unknown}
 t - a potion of brilliance {unknown}


   Skills:
 + Level 3.4 Fighting
 + Level 3.1 Dodging
 + Level 3.2 Unarmed Combat
 + Level 1.2 Spellcasting
 * Level 2.2 Conjurations
 * Level 2.1 Transmutations
 * Level 1.6 Shapeshifting


You had 6 spell levels left.
You didn't know any spells.
Your spell library was empty.

Dungeon Overview and Level Annotations

Branches:
Dungeon (3/15)

Altars:
Dithmenos
Nemelex Xobeh
Qazlal
Uskayaw
Yredelemnul

Shops:
D:1 ?

Annotations:
D:3 1 transporter


Innate Abilities, Weirdness & Mutations

You are partially covered in sharp spines.
You have a pair of small horns on your head.
You have supernaturally acute eyesight. (SInv)


Message History

The iguana barely misses you. The bullfrog is struck by your spines.
The bullfrog barely misses you.
Unknown command.
You hit the iguana but do no damage.
The iguana is almost dead.
The bullfrog hits you!
* * * LOW HITPOINT WARNING * * *
The shadow imp is struck by your spines.
The shadow imp closely misses you. The iguana is struck by your spines.
You kill the iguana!
The ice beast barely misses you.
You barely miss the bullfrog. You headbutt the bullfrog.
You kill the bullfrog!
The shadow imp is struck by your spines.
You kill the shadow imp!
The ice beast barely misses you.
Your Conjurations skill increases to level 2!
Your Transmutations skill increases to level 2!
You hit the ice beast but do no damage.
The ice beast is lightly wounded.
The ice beast hits you but does no damage.
Unknown command.
You completely miss the ice beast.
The ice beast is lightly wounded.
The ice beast is struck by your spines.
The ice beast hits you but does no damage.
You hit the ice beast but do no damage.
You headbutt the ice beast, but do no damage.
The ice beast is moderately wounded.
The ice beast closely misses you.
You hit the ice beast but do no damage.
The ice beast is moderately wounded.
The ice beast hits you but does no damage.
Unknown command.
You barely miss the ice beast. Your headbutt misses the ice beast.
The ice beast is moderately wounded.
The ice beast hits you.
* * * LOW HITPOINT WARNING * * *
The ice beast freezes you!
You die...

###### ##....####
#####...#....##
##.....©.......###
#######..#########.....#
#....##.##8.....8##....#
#....##.#...†@Y...#....#
#..>..#.#....©....#....# #####
#.......#.........#....# #...#
#.....#.#........©#....# #...#
#.....#.#.........#....###...#
#.....#.#.........#....'.'....
###.....#..$?$)?..#....###...#
#...#.##8$___$8##....# #...#
#...#..#########.....# #...#


You could see an ice beast.

Vanquished Creatures
  A bullfrog (D:3)
  An iguana (D:3)
  Robin (D:2)
  4 adders
  A shadow imp (D:3)
  2 worms
  A dart slug (D:2)
  4 bats
  2 endoplasms
  2 giant cockroaches (D:1)
  17 goblins
  7 hobgoblins
  12 jackals
  7 quokkas
  5 ball pythons
  4 frilled lizards
  5 kobolds
  4 rats
80 creatures vanquished.

Notes
Turn   | Place    | Note
-------+----------+-------------------------------------------
     0 | D:1      | innerfire43 the Demonspawn Monk began the quest for the
                  | Orb.
     0 | D:1      | Reached XP level 1. HP: 18/18 MP: 1/1
   114 | D:1      | Gained mutation: You are partially covered in sharp spines.
                  | [demonic ancestry]
   114 | D:1      | Reached XP level 2. HP: 21/24 MP: 2/2
   319 | D:1      | Found Onoqawk's Magic Scroll Emporium.
   432 | D:1      | Reached skill level 1 in Transmutations
   434 | D:1      | Reached XP level 3. HP: 21/29 MP: 3/3
   921 | D:2      | Reached skill level 1 in Conjurations
  1073 | D:2      | Noticed Robin
  1095 | D:2      | Killed Robin
  1096 | D:2      | Reached skill level 1 in Shapeshifting
  1102 | D:2      | Reached XP level 4. HP: 18/35 MP: 5/5
  1431 | D:2      | Gained mutation: You have supernaturally acute eyesight.
                  | (SInv) [potion of mutation]
  1431 | D:2      | Gained mutation: You have a pair of small horns on your
                  | head. [potion of mutation]
  1709 | D:3      | Reached skill level 1 in Spellcasting
  1843 | D:3      | Found a shadowy altar of Dithmenos.
  1889 | D:3      | Found a basalt altar of Yredelemnul.
  1889 | D:3      | Noticed an ice beast
  1891 | D:3      | Noticed a bullfrog
  1892 | D:3      | Found a stormy altar of Qazlal.
  1892 | D:3      | Found a hide-covered altar of Uskayaw.
  1892 | D:3      | Found a transporter.
  2026 | D:3      | Found a transporter.
  2197 | D:3      | Found a sparkling altar of Nemelex Xobeh.
  2265 | D:3      | Reached XP level 5. HP: 40/41 MP: 6/6
  2441 | D:3      | Mangled by an ice beast

Illustrated notes

Levels and vault maps discovered:
D:1:      spicycebolla_green_bress_n_ham_2, layout_rooms, serial_shops, shop,
          minmay_misc_feat_hallway
D:2:      layout_basic, uniq_robin
D:3:      minmay_evil_eye, layout_basic,
          mainiacjoe_overflow_concentric_impassable, lemuel_tele_altar,
          gammafunk_temple_overflow_arena, nemelex_altar_shiori,
          kennysheep_generic_room_6

Skill      XL: |  1  2  3  4  5 |
---------------+----------------+-----
Transmutations | 1 2 |  2.1
Conjurations   | 1 2 |  2.2
Shapeshifting  | 1 |  1.6
Unarmed Combat | 3 |  3.2
Dodging        | 3 |  3.1
Spellcasting   | 1 |  1.2
Fighting       | |  3.4

Action                     |  1- 3 |  4- 6 || total
---------------------------+-------+-------++-------
  Melee: Unarmed           |   102 |    81 ||   183
         Punch             |     1 |     2 ||     3
         Headbutt          |       |    16 ||    16
    Use: Potion            |     1 |     3 ||     4
         Scroll            |     1 |       ||     1
   Stab: Sleeping          |     1 |     2 ||     3
 Armour: Robe              |    30 |    31 ||    61
  Dodge: Dodged            |    92 |    57 ||   149

Table legend: (Time is in decaauts)
 A = Elapsed time spent in this place.
 B = Non-inter-level travel time spent in this place.
 C = Inter-level travel time spent in this place.
 D = Time resting spent in this place.
 E = Time spent auto-exploring this place.
 F = Levels seen in this place.
 G = Mean time per level.
                   A        B        C        D        E       F      G
               +--------+--------+--------+--------+--------+-----+--------+
         Total |   2432 |   2246 |    186 |      0 |   1728 |   3 |  810.7 |
       Dungeon |   2432 |   2246 |    186 |      0 |   1728 |   3 |  810.7 |
               +--------+--------+--------+--------+--------+-----+--------+

Top non-repeatable levels by time:
     D:2: 1047 daAuts
     D:3: 767 daAuts
     D:1: 617 daAuts
